 Dungeon Crawl Stone Soup version 0.30.0-17-ge0270778cf (webtiles) character file.

Game seed: 14124619116023938140

2616 Cheops the Covert (level 9, -2/65 (66) HPs)
             Began as an Armataur Earth Elementalist on May 22, 2023.
             Was a Follower of Uskayaw.
             Slain by a wyvern (14 damage)
             ... on level 6 of the Dungeon.
             The game lasted 00:35:26 (8272 turns).

Cheops the Covert (Armataur Earth Elementalist)     Turns: 8272, Time: 00:35:26

HP:   -2/65 (66)    AC: 16    Str: 13    XL:     9   Next: 34%
MP:   0/13          EV:  8    Int: 17    God:    Uskayaw [*.....]
Gold: 325           SH:  0    Dex: 14    Spells: 4/14 levels left

rFire   + . .        a - +2 dagger (vamp)
rCold   . . .        (no shield)
rNeg    . . .        A - +6 ring mail of Negligence {rF+}
rPois   .            (no helmet)
rElec   .            (no cloak)
rCorr   .            r - +0 pair of gloves
SInv    .            (no barding)
Will    .....        (no amulet)
Stlth   +++          m - +4 ring of protection
HPRegen 0.30/turn    t - ring of wizardry
MPRegen 0.13/turn

%: roll, wizardry (x1)
@: very slightly contaminated, lightly drained
A: large, rugged brown scales 3, deformed body, armoured tail, roll, long
tongue, awkward tongue
a: Renounce Religion, Stomp


You were on level 6 of the Dungeon.
You worshipped Uskayaw.
Uskayaw was noncommittal.
You visited 2 branches of the dungeon, and saw 8 of its levels.

You collected 325 gold pieces.

Inventory:

Hand Weapons
 a - a +2 vampiric dagger (weapon)
 b - a +0 vampiric rapier
 c - a +4 falchion
 C - a +0 dagger
 L - a +0 heavy falchion
Armour
 e - a +0 robe
 g - a +4 chain mail of poison resistance
 q - a +0 buckler
 r - a +0 pair of gloves (worn)
 A - the +6 ring mail of Negligence (worn) {rF+}
   (You found it on level 4 of the Dungeon)

   rF:        It protects you from fire.
Magical Staves
 d - a staff of air
 u - a staff of cold
Jewellery
 m - a +4 ring of protection (left hand)
 t - a ring of wizardry (right hand)
 z - a ring of positive energy
Wands
 f - a wand of polymorph (10)
 D - a wand of flame (53)
 M - a wand of paralysis (9)
Scrolls
 l - a scroll of enchant weapon {unknown}
 o - 2 scrolls of blinking
 v - 3 scrolls of fog
 x - a scroll of immolation {unknown}
 y - 3 scrolls of vulnerability {unknown}
 F - a scroll of poison {unknown}
 G - a scroll of fear
 H - a scroll of magic mapping
 I - 2 scrolls of teleportation
 K - a scroll of silence
 N - a scroll of enchant armour
Potions
 h - a potion of might {unknown}
 i - a potion of mutation {unknown}
 j - a potion of haste {unknown}
 k - 3 potions of curing {unknown}
 n - 3 potions of heal wounds {unknown}
 p - 2 potions of degeneration {unknown}
 s - 2 potions of ambrosia {unknown}
 w - 2 potions of lignification {unknown}
 B - 2 potions of magic
 E - 2 potions of attraction {unknown}
 O - a potion of cancellation {unknown}


   Skills:
 * Level 6.0 Short Blades
 - Level 1.3 Dodging
 - Level 8.0 Stealth
 - Level 3.0 Spellcasting
 - Level 4.0 Conjurations
 - Level 4.0 Transmutations
 - Level 5.0 Earth Magic
 - Level 2.0 Evocations


You had 4 spell levels left.
You knew the following spells:

 Your Spells              Type           Power      Damage    Failure   Level
a - Sandblast             Erth           38%        2d10      1%          1
b - Stone Arrow           Conj/Erth      34%        3d9       8%          3
p - Petrify               Tmut/Erth      17%        N/A       24%         4
P - Passwall              Tmut/Erth      14%        N/A       3%          2

Your spell library contained the following spells:

 Spells                   Type           Power      Damage    Failure   Level
 Sting                    Tmut/Pois      36%        1d4       7%          1
 Slow                     Hex            8%         N/A       16%         1
 Summon Small Mammal      Summ           8%         N/A       16%         1
 Poisonous Vapours        Pois/Air       4%         N/A       22%         2
 Call Canine Familiar     Summ           2%         N/A       41%         3
 Confusing Touch          Hex            2%         N/A       41%         3
 Summon Guardian Golem    Hex/Summ       2%         N/A       41%         3
 Tukima's Dance           Hex            2%         N/A       41%         3
 Vampiric Draining        Necr           2%         2d6       41%         3
 Olgreb's Toxic Radiance  Pois           2%         N/A       80%         4
 Passage of Golubria      Tloc           2%         N/A       80%         4
 Yara's Violent Unravell  Hex/Tmut       4%         3d4       86%         5


Dungeon Overview and Level Annotations

Branches:
Dungeon (7/15)             Temple (1/1) D:5

Altars:
Ashenzari
Cheibriados
Dithmenos
Elyvilon
Fedhas
Gozag
Hepliaklqana
Kikubaaqudgha
Makhleb
Nemelex Xobeh
Okawaru
Qazlal
Ru
Sif Muna
Trog
Uskayaw
Vehumet
Wu Jian
Xom
Yredelemnul
Zin
The Shining One

Shops:
D:5 :   D:6 [

Annotations:
D:4 ice monster


Innate Abilities, Weirdness & Mutations

You are completely covered in rugged brown scales. (AC +3, +7% HP)
Armour fits poorly on your strangely shaped body.
You have a long armoured tail.
You roll when moving toward enemies. (Rampage)
Your long tongue fully drains potion bottles. (2x potion effects)
Your tongue gives you trouble enunciating. (1.5x scroll delay)


Message History

Press: ? - help, Shift-Dir - straight line Nothing appears to happen.
The wyvern bites you but does no damage.
The wyvern bites you.
* * * LOW HITPOINT WARNING * * *
Casting: Petrify (dangerous; 24% risk of failure)
Confirm with . or Enter, or press ? or * to list all spells.
Aiming: Passwall (safe; 3% risk of failure)
Press: ? - help, Dir - move target A rock wall.
The wyvern closely misses you.
You begin to meditate on the wall.
You continue meditating on the rock.
The wyvern bites you.
* * * LOW HITPOINT WARNING * * *
The wyvern bites you!
* * * LOW HITPOINT WARNING * * *
You continue meditating on the rock.
The wyvern barely misses you.
You finish merging with the rock.
There is a shaft here.
Casting: Passwall (safe; 3% risk of failure)
Confirm with . or Enter, or press ? or * to list all spells.
Aiming: Passwall (safe; 3% risk of failure)
Press: ? - help, Dir - move target A rock wall.
You miscast Passwall.
You are very lightly contaminated with residual magic.
Nothing appears to happen.
The wyvern bites you!
* * * LOW HITPOINT WARNING * * *
Casting: Passwall (safe; 3% risk of failure)
Confirm with . or Enter, or press ? or * to list all spells.
Aiming: Passwall (safe; 3% risk of failure)
Press: ? - help, Dir - move target A rock wall.
The wyvern bites you but does no damage.
You begin to meditate on the wall.
You continue meditating on the rock.
The wyvern bites you but does no damage. x2
You continue meditating on the rock.
The wyvern bites you!
You die...

#.##....## ###.##.....#####
..........ol...# .##.##>....###.#
#### .##.#.....## #.# ##...
....##.#..####.### #..##
.##.##.#..(......# ##.##
.....#.##.####.#l#### #..#
.##..#.##.# #.#@...# #.##
.##..#.##.####.####.# ###.#
.##...(........# #.# ##...##
.###.#.....########.#####....)##
.# #.####..............#.......##
.# #.####.......#......#.........
.###............#.#.##.#.......##
................#.#.##.#......###
....[...[...........##.#.#.......


You could see a wyvern.

Vanquished Creatures
  A shadow (D:6)
  Eustachio (D:6)
  3 ice beasts
  A black bear (D:4)
  An ogre (D:6)
  A phantom (D:5)
  2 bullfrogs
  2 scorpions (D:6)
  11 wights
  4 killer bees (D:7)
  A jelly (D:5)
  3 hounds
  2 orc priests (D:4)
  3 iguanas (D:6)
  Natasha (thrice) (D:2)
  6 orc wizards (D:4)
  Terence (D:2)
  2 gnolls (D:1)
  11 adders
  4 river rats
  A shadow imp (D:6)
  A white imp (D:6)
  An ufetubus (D:4)
  3 worms
  A dart slug (D:3)
  15 orcs
  9 ball pythons
  5 endoplasms
  9 giant cockroaches
  4 goblins
  11 hobgoblins
  3 jackals (D:3)
  8 kobolds
  5 quokkas
  8 bats
  3 frilled lizards
  5 rats
155 creatures vanquished.

Notes
Turn   | Place    | Note
-------+----------+-------------------------------------------
     0 | D:1      | Cheops the Armataur Earth Elementalist began the quest for
                  | the Orb.
     0 | D:1      | Reached XP level 1. HP: 14/14 MP: 3/3
    77 | D:1      | Reached XP level 2. HP: 15/21 MP: 0/4
   414 | D:1      | Reached XP level 3. HP: 20/27 MP: 0/5
   723 | D:1      | Reached skill level 1 in Short Blades
  1054 | D:1      | Learned a level 2 spell: Passwall
  1099 | D:2      | Noticed Natasha
  1105 | D:2      | Killed Natasha
  1106 | D:2      | Reached XP level 4. HP: 27/35 MP: 0/6
  1304 | D:2      | Noticed Terence
  1386 | D:2      | Learned a level 3 spell: Stone Arrow
  1539 | D:2      | Killed Terence
  1540 | D:2      | Reached skill level 1 in Conjurations
  1565 | D:2      | Noticed Natasha
  1570 | D:2      | Killed Natasha
  1665 | D:2      | Reached XP level 5. HP: 40/40 MP: 4/7
  1724 | D:2      | Noticed Natasha
  1729 | D:2      | Killed Natasha
  3244 | D:4      | Reached skill level 3 in Stealth
  3244 | D:4      | Reached XP level 6. HP: 39/48 MP: 1/8
  3255 | D:4      | Identified the +6 ring mail of Negligence {rF+}
  3506 | D:4      | Reached skill level 5 in Earth Magic
  3542 | D:4      | Noticed an ice beast
  3731 | D:4      | Reached XP level 7. HP: 39/53 MP: 3/10
  4684 | D:4      | Learned a level 4 spell: Petrify
  4700 | D:4      | Reached skill level 1 in Transmutations
  5395 | D:5      | Entered Level 5 of the Dungeon
  5623 | D:5      | Found a staircase to the Ecumenical Temple.
  5627 | D:5      | Found a blossoming altar of Fedhas.
  5634 | Temple   | Entered the Ecumenical Temple
  5832 | Temple   | Became a worshipper of Uskayaw the Reveller
  5943 | D:5      | Reached * piety under Uskayaw
  6141 | D:5      | Reached ** piety under Uskayaw
  6146 | D:5      | Reached XP level 8. HP: 53/60 MP: 4/12
  6146 | D:5      | Reached *** piety under Uskayaw
  6148 | D:5      | Reached skill level 1 in Evocations
  6282 | D:5      | Found Dinu's Book Shoppe.
  6642 | D:6      | Noticed Eustachio
  6651 | D:6      | Reached skill level 4 in Stealth
  6693 | D:5      | Reached skill level 5 in Stealth
  6959 | D:6      | Reached skill level 6 in Stealth
  6972 | D:6      | Killed Eustachio
  7018 | D:6      | Reached skill level 7 in Stealth
  7102 | D:6      | Found an opulent altar of Gozag.
  7327 | D:6      | Found Kumnetekiu's Antique Armour Emporium.
  7840 | D:6      | Reached XP level 9. HP: 55/66 MP: 6/13
  7900 | D:6      | Reached skill level 8 in Stealth
  7915 | D:6      | Reached **** piety under Uskayaw
  7916 | D:6      | Reached skill level 5 in Short Blades
  8272 | D:6      | Slain by a wyvern

Illustrated notes

Levels and vault maps discovered:
D:1:      scummos_arrival_star, layout_loops_ring, st_stairs_10
D:2:      layout_loops_ring, st_stairs_3, uniq_terence, uniq_natasha
D:3:      layout_basic
D:4:      layout_loops_ring, portal_sewer_entry_b
D:5:      layout_rooms, mainiacjoe_overflow_chevrons,
          minmay_temple_entry_statues_pillars, serial_shops,
          nicolae_shop_back_alley_shop
D:6:      minmay_chambers_of_fours, layout_loops_ring,
          nicolae_gozag_seed_capital, serial_shops, nicolae_shop_stone,
          minmay_misc_feat_tower, uniq_eustachio
D:7:      layout_cave_pools, uniq_maggie, uniq_menkaure
Temple:   nicolae_temple_slightly_damp_pantheon

Skill      XL: |  1  2  3  4  5  6  7  8  9 |
---------------+----------------------------+-----
Earth Magic    | 3 4 5 |  5.0
Short Blades   | 1 2 3 6 |  6.0
Conjurations   | 2 3 4 |  4.0
Stealth        | 3 7 8 |  8.0
Spellcasting   | 2 3 |  3.0
Transmutations | 3 4 |  4.0
Evocations     | 2 |  2.0
Dodging        | |  1.3

Action                     |  1- 3 |  4- 6 |  7- 9 || total
---------------------------+-------+-------+-------++-------
  Melee: Unarmed           |     3 |     9 |       ||    12
         Tailslap          |     1 |    10 |    14 ||    25
         Dagger            |    10 |    82 |   111 ||   203
         Punch             |       |       |     3 ||     3
   Cast: Sandblast         |    47 |    74 |   100 ||   221
         Passwall          |       |     8 |     8 ||    16
         Stone Arrow       |       |     9 |    31 ||    40
         Petrify           |       |       |     2 ||     2
  Evoke: Wand              |       |       |     1 ||     1
    Use: Scroll            |       |     5 |     6 ||    11
   Stab: Sleeping          |     2 |     6 |    11 ||    19
         Paralysed         |       |       |     5 ||     5
         Distracted        |       |       |     1 ||     1
 Armour: Robe              |    13 |    35 |       ||    48
         Skin              |       |     1 |       ||     1
         Ring mail         |       |    50 |   124 ||   174
  Dodge: Dodged            |    16 |    48 |    87 ||   151
